 Dungeon Crawl Stone Soup version 0.30-a0-381-g6ea064c7b4 (webtiles) character file.

Game seed: 1744672533198281348

211 leviel the Chopper (level 5, -7/45 HPs)
             Began as a Hill Orc Fighter on Dec 1, 2022.
             Mangled by an ogre
             ... wielding a +0 giant club
              (22 damage)
             ... on level 4 of the Dungeon.
             The game lasted 00:03:53 (2568 turns).

leviel the Chopper (Hill Orc Fighter)               Turns: 2568, Time: 00:03:54

Health: -7/45      AC:  8    Str: 27    XL:     5   Next: 88%
Magic:  5/5        EV:  9    Int:  8    God:
Gold:   112        SH:  0    Dex: 10    Spells: 4/4 levels left

rFire   . . .      SeeInvis +    a - +1 war axe (freeze)
rCold   . . .      Faith    .    c - +0 buckler
rNeg    . . .      Spirit   .    b - +0 scale mail
rPois   .          Reflect  .    m - +0 helmet
rElec   .          Harm     .    (no cloak)
rCorr   .          Rampage  .    (no gloves)
Will    .....                    (no boots)
Stlth   ..........               (no amulet)
HPRegen 0.27/turn                h - +6 ring of strength
MPRegen 0.09/turn                g - ring of see invisible

@: confused
A: no striking features
a: Convert to Beogh


You were on level 4 of the Dungeon.
You visited 1 branch of the dungeon, and saw 4 of its levels.

You collected 112 gold pieces.

Inventory:

Hand Weapons
 a - a +1 war axe of freezing (weapon)
Armour
 b - a +0 scale mail (worn)
 c - a +0 buckler (worn)
 m - a +0 helmet (worn)
Jewellery
 g - a ring of see invisible (right hand)
 h - a +6 ring of strength (left hand)
Wands
 o - a wand of iceblast (11)
Scrolls
 j - 2 scrolls of teleportation
 k - 2 scrolls of identify {@r1}
Potions
 d - a potion of might
 e - 2 potions of degeneration
 f - a potion of berserk rage {unknown}
 i - a potion of mutation
 l - a potion of heal wounds {unknown}
 n - a potion of haste {unknown}


   Skills:
 - Level 3.6 Fighting
 + Level 7.8 Axes
 - Level 3.2 Armour
 - Level 3.2 Shields


You had 4 spell levels left.
You didn't know any spells.
Your spell library was empty.

Dungeon Overview and Level Annotations

Branches:
Dungeon (4/15)
 Temple: D:4-7

Altars:
Qazlal
Ru
Xom


Message History

The orc wizard points at you and mumbles some strange words.
The magic dart hits you.
An orc priest comes into view. It is wielding a +0 falchion.
There is an open door here.
Okay, then.
You close the door.
You start resting.
The orc wizard gestures wildly while chanting.
The orc wizard flickers and vanishes for a moment.
Aiming: Iceblast
Press: ? - help, Shift-Dir - straight line, f - orc wizard
Aim: an orc wizard, wielding a +0 dagger and wearing a +0 robe The mass of ice explodes!
The iceblast engulfs the orc wizard!
The orc wizard is severely wounded.
The iceblast engulfs the orc wizard!!
You kill the orc wizard!
An ogre opens the door.
The orc wizard points at you and mumbles some strange words.
You are confused.
The orc priest mumbles some strange prayers to Beogh against you.
Beogh smites you!
You're too confused to move!
The ogre shouts!
You are too confused!
An orc comes into view. It is wielding a +0 club.
You're too confused to move!
The orc shouts!
The orc wizard hits you but does no damage.
The orc wizard mumbles some strange words.
The orc wizard flickers and vanishes for a moment.
You feel less confused.
The orc wizard gestures at you while chanting.
You are confused.
The orc wizard casts a spell.
The orc wizard flickers and vanishes for a moment.
You're too confused to move!
The orc priest invokes the aid of Beogh against you.
Pain shoots through your body!
The ogre hits you with a +0 giant club!!
You die...

.# .# ##'##
##...## ##.....##
. ##.......##
#...####.........#
.....)o'o..O.....+
.....###..o@.....#
... ##.o.....## .
##.....## ##...##
##'## #.# #.#
.#.#########.##
....<.....#...##


You could see an ogre, an orc priest, 2 orc wizards and an orc.

Vanquished Creatures
  Crazy Yiuf (D:3)
  An orc priest (D:2)
  Ijyb (D:3)
  An orc wizard (D:4)
  An adder (D:3)
  2 worms (D:3)
  3 dart slugs
  5 orcs (D:3)
  9 endoplasms
  5 giant cockroaches
  6 goblins
  4 hobgoblins
  2 jackals (D:1)
  2 quokkas
  10 ball pythons
  5 bats
  3 frilled lizards
  8 kobolds
  5 rats
74 creatures vanquished.

Vanquished Creatures (others)
  A ball python (D:3)
  A fungus (D:3)
2 creatures vanquished.

Grand Total: 76 creatures vanquished

Notes
Turn   | Place    | Note
-------+----------+-------------------------------------------
     0 | D:1      | leviel the Hill Orc Fighter began the quest for the Orb.
     0 | D:1      | Reached XP level 1. HP: 19/19 MP: 1/1
     6 | D:1      | Noticed a wyvern
     6 | D:1      | Noticed a snapping turtle
     6 | D:1      | Noticed a lindwurm
     7 | D:1      | Noticed a water moccasin
     7 | D:1      | Noticed a hound
    39 | D:1      | Reached skill level 3 in Axes
    63 | D:1      | Reached XP level 2. HP: 24/26 MP: 2/2
   117 | D:1      | Reached skill level 4 in Axes
   244 | D:1      | Reached XP level 3. HP: 30/31 MP: 3/3
   881 | D:2      | Reached skill level 5 in Axes
  1417 | D:3      | Noticed Ijyb
  1425 | D:2      | Reached skill level 6 in Axes
  1425 | D:2      | Reached XP level 4. HP: 32/39 MP: 4/4
  1465 | D:3      | Killed Ijyb
  1525 | D:3      | Reached XP level 5. HP: 42/45 MP: 5/5
  1647 | D:3      | Reached skill level 7 in Axes
  1727 | D:3      | Found a runed translucent door.
  1728 | D:3      | Noticed Crazy Yiuf
  1964 | D:3      | Found a sacrificial altar of Ru.
  2058 | D:3      | Found a stormy altar of Qazlal.
  2294 | D:3      | Found a shimmering altar of Xom.
  2330 | D:3      | Killed Crazy Yiuf
  2562 | D:4      | Noticed an ogre
  2568 | D:4      | Mangled by an ogre

Illustrated notes

Levels and vault maps discovered:
D:1:      onia_arrival_zoo_common, layout_loops_ring, minivault_23
D:2:      layout_loops_ring
D:3:      layout_loops_ring, nicolae_qazlal_general_emergency,
          nicolae_ru_the_path_less_chosen, mainiacjoe_overflow_catwalk,
          uniq_crazy_yiuf_cottage, uniq_ijyb
D:4:      layout_loops_corners, minmay_temple_entry_arrows, cheibrodos_gnoll_hut

Skill      XL: |  1  2  3  4  5 |
---------------+----------------+-----
Axes           | 3 4 6 7 |  7.8
Fighting       | |  3.6
Armour         | |  3.2
Shields        | |  3.2

Action                   |  1- 3 |  4- 6 || total
-------------------------+-------+-------++-------
Melee: War axe           |    94 |    67 ||   161
Evoke: Wand              |       |     1 ||     1
  Use: Scroll            |     6 |     2 ||     8
Armor: Scale mail        |    47 |    41 ||    88
Dodge: Dodged            |    47 |    37 ||    84
Block: Buckler           |    15 |    16 ||    31

Table legend: (Time is in decaauts)
 A = Elapsed time spent in this place.
 B = Non-inter-level travel time spent in this place.
 C = Inter-level travel time spent in this place.
 D = Time resting spent in this place.
 E = Time spent auto-exploring this place.
 F = Levels seen in this place.
 G = Mean time per level.
                   A        B        C        D        E       F      G
               +--------+--------+--------+--------+--------+-----+--------+
         Total |   2609 |   2526 |     83 |    193 |   1883 |   4 |  652.2 |
       Dungeon |   2609 |   2526 |     83 |    193 |   1883 |   4 |  652.2 |
               +--------+--------+--------+--------+--------+-----+--------+

Top non-repeatable levels by time:
     D:3: 1066 daAuts
     D:1: 766 daAuts
     D:2: 702 daAuts
     D:4: 73 daAuts
